 Dungeon Crawl Stone Soup version 0.29.0-4-gdea44cf6ec (webtiles) character file.

Game seed: 4751230194544548177

21182 qw the Blocker (level 12, -1/111 HPs)
             Began as a Troll Cinder Acolyte on Sept 2, 2022.
             Was an Elder of Okawaru.
             Slain by a nine-headed hydra (11 damage)
             ... on level 4 of the Lair of Beasts.
             The game lasted 00:05:51 (11124 turns).

qw the Blocker (Troll Cinder Acolyte)              Turns: 11124, Time: 00:05:51

Health: -1/111     AC: 18    Str: 29    XL:     12   Next: 51%
Magic:  12/14      EV:  9    Int: 10    God:    Okawaru [****..]
Gold:   647        SH: 24    Dex:  5    Spells: 13/13 levels left

rFire   . . .      SeeInvis +     - Unarmed
rCold   . . .      Faith    .   b - +1 tower shield {AC+3}
rNeg    . . .      Spirit   .   p - +1 acid dragon scales
rPois   +          Reflect  +   h - +2 hat {Stlth+}
rElec   .          Harm     .   i - +1 cloak
rCorr   +          Rampage  .   (gloves unavailable)
Will    .....                   (boots unavailable)
Stlth   +++.......              c - amulet of reflection
HPRegen 1.08/turn               j - ring of poison resistance
MPRegen 0.14/turn               n - ring of see invisible

@: about to teleport, heroic, fire susceptible
A: large, unfitting armour, claws 3, regeneration 1, shaggy fur 1, tough skin 1
a: Renounce Religion, Heroism, Finesse


You were on level 4 of the Lair of Beasts.
You worshipped Okawaru.
Okawaru was greatly pleased with you.
You visited 2 branches of the dungeon, and saw 15 of its levels.

You collected 647 gold pieces.


Innate Abilities, Weirdness & Mutations

You are too large for most types of armour.
You have claws for hands.
Your natural rate of healing is unusually fast.
You are covered in fur. (AC +1)
You have tough skin. (AC +1)


   Skills:
 - Level 5.0(10.0) Fighting
 - Level 3.3(8.3) Throwing
 - Level 2.0(7.0) Armour
 - Level 1.1(6.1) Dodging
 - Level 13.0(18.0) Shields
 + Level 12.8(17.8) Unarmed Combat
 - Level 1.0 Spellcasting
 - Level 2.1 Fire Magic
 + Level 5.3 Invocations


You had 13 spell levels left.
You didn't know any spells.
Your spell library contained the following spells:

 Spells                   Type           Power      Damage    Failure   Level
 Scorch                   Fire           8%         2d5       45%         2

Inventory:

Armour
 b - a +1 tower shield of protection (worn)
 h - a +2 hat of stealth (worn)
 i - a +1 cloak (worn)
 p - +1 acid dragon scales (worn)
Jewellery
 c - an amulet of reflection (around neck)
 j - a ring of poison resistance (left claw)
 l - the amulet of Mutualism {Spirit Str+6 Int-2 Dex+3}
   (You acquired it on level 4 of the Dungeon)

   [amulet of guardian spirit]

   It causes incoming damage to be divided between your reserves of health and
   magic.
   Str:       It affects your strength (+6).
   Int:       It affects your intelligence (-2).
   Dex:       It affects your dexterity (+3).
 n - a ring of see invisible (right claw)
 Y - a +4 ring of evasion
Scrolls
 d - 2 scrolls of teleportation
 k - 3 scrolls of enchant weapon
 o - 5 scrolls of identify
Potions
 a - 4 potions of haste
 e - 3 potions of might
 f - 8 potions of curing
 g - a potion of mutation
 q - 2 potions of heal wounds

Dungeon Overview and Level Annotations

Branches:
Dungeon (10/15)            Temple (0/1) D:5            Lair (5/5) D:10
 Shoals (0/4) Lair:2       Spider (0/4) Lair:3
  Slime: Lair:4-5       Orc: D:9-12

Altars:
Fedhas
Hepliaklqana
Kikubaaqudgha
Okawaru
Sif Muna
Trog
Vehumet
Xom

Shops:
D:2 [=[(

Annotations:
D:5 1 runed translucent door, Crazy Yiuf
D:8 3 runed translucent doors, qw's ghost, novice TrCA


Message History

The cane toad stings you but does no damage.
The basilisk bites you but does no damage.
The eight-headed hydra bites you but does no damage. x2
The eight-headed hydra bites you. The eight-headed hydra bites you!
The eight-headed hydra bites you but does no damage.
The eight-headed hydra bites you. x2
The eight-headed hydra bites you but does no damage.
The cane toad stings you but does no damage.
The basilisk bites you!
You turn to flesh and can move again.
11122 ||| INVOKING Heroism.
You gain the combat prowess of a mighty hero.
You block the cane toad's attack. The eight-headed hydra bites you.
You block the eight-headed hydra's attack.
The eight-headed hydra bites you but does no damage. x2
You block the eight-headed hydra's attack.
The eight-headed hydra bites you but does no damage.
The eight-headed hydra barely misses you.
The eight-headed hydra bites you. The basilisk gazes at you.
You resist with some effort.
You tear one of the eight-headed hydra's heads off!
The seven-headed hydra grows two more!
You mangle the nine-headed hydra!!
The nine-headed hydra is moderately wounded.
You block the cane toad's attack.
You block the nine-headed hydra's attack.
The nine-headed hydra bites you but does no damage.
You block the nine-headed hydra's attack.
The nine-headed hydra misses you. The nine-headed hydra bites you! x2
You block the nine-headed hydra's attack. x2
The nine-headed hydra bites you but does no damage.
11124 ||| READING 3 scrolls of teleportation.
As you read the scroll of teleportation, it crumbles to dust.
You feel strangely unstable. You block the cane toad's attack.
You block the basilisk's attack. The nine-headed hydra bites you.
The nine-headed hydra bites you but does no damage.
The nine-headed hydra closely misses you.
The nine-headed hydra bites you! x2
You die...

#P....>.# #.......## ..
# #........# ##.. ##
#.......## .....
.######.......P# #.....
...P##........P###......
........................
.................D.....P
.....%..........@F.....#
.#...............l.#####
#.####...........##.#
### #.........#.## #
##........###
#.........# #..........#
#..........##
#.#..........


You could see a nine-headed hydra, a cane toad and a basilisk.

Vanquished Creatures
  Gastronok (D:9)
  3 two-headed ogres
  Amaemon (Lair:3)
  Pikel (D:5)
  8 elephants
  Joseph (D:8)
  An orange demon (Lair:3)
  Maggie (D:9)
  3 cane toads
  Psyche (D:8)
  2 komodo dragons
  A troll (D:10)
  A polar bear (Lair:2)
  7 blink frogs
  A snapping turtle (Lair:2)
  Sigmund (D:3)
  2 wraiths
  A wyvern (Lair:2)
  30 yaks
  12 fire elementals
  A steam dragon (Lair:3)
  An acid dragon (D:9)
  Duvessa (D:4)
  11 water moccasins
  An orc warrior (D:9)
  A black bear (D:6)
  3 ice beasts
  A sky beast (D:6)
  2 centaurs
  6 wolves (Lair:3)
  3 phantoms (D:5)
  2 kobold brigands
  5 bullfrogs
  A necrophage (D:3)
  A scorpion (D:5)
  A water moccasin zombie (D:5)
  5 wights (D:6)
  Dowan (D:4)
  19 killer bees
  2 howler monkeys (D:9)
  3 hounds
  5 orc priests
  5 jellies
  Natasha (thrice) (D:2)
  3 iguanas
  3 orc wizards
  A hound zombie (D:5)
  5 adders
  3 white imps
  An adder skeleton (D:5)
  5 worms
  3 dart slugs
  15 orcs
  5 bats
  3 endoplasms
  4 giant cockroaches
  3 goblins
  4 hobgoblins
  A jackal (D:4)
  13 kobolds
  4 quokkas
  8 ball pythons
  2 frilled lizards
  9 rats
258 creatures vanquished.

Vanquished Creatures (others)
  6 fungi
  33 plants
  6 toadstools (D:10)
45 creatures vanquished.

Grand Total: 303 creatures vanquished

Notes
Turn   | Place    | Note
-------+----------+-------------------------------------------
     0 | D:1      | qw the Troll Cinder Acolyte began the quest for the Orb.
     0 | D:1      | Reached XP level 1. HP: 22/22 MP: 1/1
     0 | D:1      | 0 ||| qw: Version: 0.1-a-97-g2dd2ca4
     0 | D:1      | 0 ||| qw: Game counter: 5011
     0 | D:1      | 0 ||| qw: Always use a shield: true
     0 | D:1      | 0 ||| qw: God list: Okawaru
     0 | D:1      | 0 ||| qw: Allow faded altars: false
     0 | D:1      | 0 ||| qw: Do Orc after D:15 true
     0 | D:1      | 0 ||| qw: Do second Lair branch before Depths: true
     0 | D:1      | 0 ||| qw: Lair rune preference: random
     0 | D:1      | 0 ||| qw: Plans: Normal
     0 | D:1      | 0 ||| PLANNING D:1-11
   234 | D:1      | Reached XP level 2. HP: 29/29 MP: 2/2
   352 | D:1      | 352 ||| INVOKING Fiery Armour.
   414 | D:1      | Found a faded altar of an unknown god.
   560 | D:1      | 560 ||| UPGRADING to +0 cloak.
   565 | D:1      | 565 ||| DROPPING amulet of magic regeneration.
   566 | D:1      | 566 ||| READING scroll labelled UTHRELU CEPPA.
   667 | D:1      | 667 ||| READING scroll labelled ZAURRE SOANUCSI.
   668 | D:1      | 668 ||| READING scroll labelled FORUARPH QELU.
   682 | D:1      | 682 ||| READING scroll labelled MACSUKE TUGEWK.
   683 | D:1      | 683 ||| READING scroll labelled FOIJOE KOIWN.
   686 | D:1      | 686 ||| READING scroll labelled TAXEUFAIJU.
   719 | D:2      | Found Buvuroru's Antique Armour Emporium.
   771 | D:2      | Noticed Natasha
   781 | D:2      | 781 ||| INVOKING Fiery Armour.
   781 | D:2      | Killed Natasha
   782 | D:2      | Reached XP level 3. HP: 17/36 MP: 3/3
   832 | D:2      | Noticed Natasha
   834 | D:2      | 834 ||| Stepping ~*~*~tactically~*~*~ (hiding).
   844 | D:2      | Killed Natasha
   845 | D:2      | Reached XP level 4. HP: 44/44 MP: 4/4
   930 | D:2      | Found a radiant altar of Vehumet.
   938 | D:2      | 938 ||| SHOPLISTING transparent robe (165 gold, have 34).
   941 | D:2      | Found Ytuaf's Antique Armour Shoppe.
   942 | D:2      | 942 ||| Stepping ~*~*~tactically~*~*~ (stealth).
   959 | D:2      | Found Haem's Jewellery Shoppe.
   960 | D:2      | 960 ||| SHOPLISTING runed robe (92 gold, have 34).
   967 | D:2      | 967 ||| SHOPLISTING +4 ring of evasion (432 gold, have 34).
   967 | D:2      | 967 ||| SHOPLISTING +4 ring of slaying (936 gold, have 34).
   967 | D:2      | 967 ||| SHOPLISTING +6 ring of strength (432 gold, have
                  | 34).
   967 | D:2      | 967 ||| SHOPLISTING amulet of regeneration (360 gold, have
                  | 34).
   967 | D:2      | 967 ||| SHOPLISTING ring of poison resistance (240 gold,
                  | have 34).
   967 | D:2      | 967 ||| SHOPLISTING ring of positive energy (240 gold, have
                  | 34).
   967 | D:2      | 967 ||| SHOPLISTING ring of see invisible (180 gold, have
                  | 34).
   967 | D:2      | 967 ||| SHOPLISTING ring of willpower (300 gold, have 34).
   973 | D:2      | Identified the +5 mace of the Jocular God {protect, Int+7}
   976 | D:2      | 976 ||| Stepping ~*~*~tactically~*~*~ (stealth).
   979 | D:2      | 979 ||| INVOKING Fiery Armour.
   991 | D:2      | 991 ||| Stepping ~*~*~tactically~*~*~ (outnumbered).
   992 | D:2      | 992 ||| Stepping ~*~*~tactically~*~*~ (outnumbered).
  1008 | D:2      | 1008 ||| READING scroll of enchant armour.
  1008 | D:2      | 1008 ||| ENCHANTING +0 cloak.
  1043 | D:2      | Found Enioqoag's Weapon Boutique.
  1046 | D:2      | Noticed Natasha
  1047 | D:2      | 1047 ||| Stepping ~*~*~tactically~*~*~ (stealth).
  1057 | D:2      | Killed Natasha
  1058 | D:2      | Reached skill level 1 in Throwing
  1116 | D:2      | Reached XP level 5. HP: 50/50 MP: 5/5
  1271 | D:2      | 1271 ||| READING scroll labelled GENUFF AJOE.
  1271 | D:2      | Identified a scroll of acquirement
  1271 | D:2      | 1271 ||| ACQUIRING +1 tower shield of protection
  1271 | D:2      | Acquired a +1 tower shield of protection
  1273 | D:2      | 1273 ||| UPGRADING to +1 tower shield of protection.
  1278 | D:2      | 1278 ||| READING scroll labelled IRPHAX YMIMEMP.
  1385 | D:1      | 1385 ||| READING 2 scrolls of teleportation.
  1636 | D:3      | Noticed Sigmund
  1641 | D:3      | Killed Sigmund
  1642 | D:3      | Reached skill level 3 in Shields
  1642 | D:3      | Reached XP level 6. HP: 55/59 MP: 6/6
  1891 | D:3      | 1891 ||| INVOKING Fiery Armour.
  1907 | D:3      | Reached skill level 4 in Shields
  2052 | D:4      | 2052 ||| STAIRDANCE
  2164 | D:4      | 2164 ||| FLEEEEING.
  2165 | D:4      | 2165 ||| FLEEEEING.
  2181 | D:4      | Reached XP level 7. HP: 59/66 MP: 7/7
  2218 | D:4      | 2218 ||| Stepping ~*~*~tactically~*~*~ (stealth).
  2408 | D:4      | Noticed Dowan
  2409 | D:4      | Found a shimmering blue altar of Sif Muna.
  2422 | D:4      | Killed Dowan
  2423 | D:4      | Reached skill level 5 in Shields
  2437 | D:4      | Noticed Duvessa
  2448 | D:4      | 2448 ||| INVOKING Fiery Armour.
  2450 | D:4      | HP: 16/66 [Duvessa/+0 short sword (14)]
  2451 | D:4      | 2451 ||| READING 2 scrolls of teleportation.
  2452 | D:4      | 2452 ||| DRINKING 2 potions of heal wounds.
  2521 | D:4      | 2521 ||| Stepping ~*~*~tactically~*~*~ (stealth).
  2592 | D:4      | 2592 ||| READING scroll of acquirement.
  2592 | D:4      | 2592 ||| ACQUIRING amulet of Mutualism {Spirit Str+6 Int-2
                  | Dex+3}
  2592 | D:4      | Acquired the amulet of Mutualism {Spirit Str+6 Int-2 Dex+3}
  2594 | D:4      | 2594 ||| UPGRADING to amulet of Mutualism {Spirit Str+6
                  | Int-2 Dex+3}.
  2680 | D:4      | 2680 ||| INVOKING Fiery Armour.
  2682 | D:4      | Killed Duvessa
  2731 | D:4      | Found a bloodstained altar of Trog.
  2848 | D:4      | Reached skill level 6 in Shields
  2886 | D:4      | 2886 ||| READING scroll labelled SIHOCO FEYCOK.
  2914 | D:5      | Entered Level 5 of the Dungeon
  2991 | D:5      | 2991 ||| Stepping ~*~*~tactically~*~*~ (stealth).
  2992 | D:5      | 2992 ||| Stepping ~*~*~tactically~*~*~ (stealth).
  3034 | D:5      | Found a staircase to the Ecumenical Temple.
  3139 | D:5      | Reached skill level 7 in Shields
  3139 | D:5      | Reached XP level 8. HP: 74/74 MP: 8/8
  3508 | D:5      | Found a runed translucent door.
  3509 | D:5      | Noticed Crazy Yiuf
  3528 | D:5      | 3528 ||| Stepping ~*~*~tactically~*~*~ (stealth).
  3530 | D:5      | 3530 ||| Stepping ~*~*~tactically~*~*~ (stealth).
  3536 | D:5      | 3536 ||| Stepping ~*~*~tactically~*~*~ (stealth).
  3837 | D:5      | Noticed Pikel
  3837 | D:5      | 3837 ||| Stepping ~*~*~tactically~*~*~ (stealth).
  3840 | D:5      | Killed Pikel
  3841 | D:5      | Reached skill level 9 in Shields
  3995 | D:5      | Found a faded altar of an unknown god.
  3996 | D:5      | Found a hazy altar of Hepliaklqana.
  4105 | D:5      | 4105 ||| UPGRADING to +1 robe of positive energy.
  4115 | D:5      | 4115 ||| DROPPING +0 robe.
  4116 | D:5      | 4116 ||| READING scroll labelled SOUKOPPO XADU.
  4117 | D:5      | 4117 ||| READING scroll labelled DOFIFAUTICSU.
  4118 | D:5      | 4118 ||| READING scroll labelled SOBIXUWEUQ.
  4119 | D:5      | 4119 ||| READING scroll labelled JAUGUN UMUGOEBB.
  4120 | D:5      | 4120 ||| READING scroll labelled NUREOJ JEMUWK.
  4121 | D:5      | 4121 ||| READING scroll labelled ASESHR ASSA.
  4122 | D:5      | 4122 ||| DRINKING 2 black potions.
  4123 | D:5      | 4123 ||| DRINKING 2 blue potions.
  4124 | D:5      | 4124 ||| DRINKING 2 orange potions.
  4125 | D:5      | 4125 ||| READING 2 scrolls of identify.
  4125 | D:5      | 4125 ||| IDENTIFYING sapphire potion
  4126 | D:5      | 4126 ||| DROPPING potion of lignification.
  4127 | D:5      | 4127 ||| DROPPING potion of attraction.
  4236 | D:6      | Reached skill level 6 in Unarmed Combat
  4304 | D:6      | Found a shimmering altar of Xom.
  4334 | D:6      | Found an iron altar of Okawaru.
  4439 | D:6      | 4439 ||| Stepping ~*~*~tactically~*~*~ (stealth).
  4440 | D:6      | 4440 ||| Stepping ~*~*~tactically~*~*~ (stealth).
  4445 | D:6      | 4445 ||| INVOKING Fiery Armour.
  4446 | D:6      | 4446 ||| Stepping ~*~*~tactically~*~*~ (outnumbered).
  4450 | D:6      | Reached skill level 1 in Dodging
  4450 | D:6      | Reached XP level 9. HP: 53/80 MP: 6/9
  4735 | D:6      | 4735 ||| Stepping ~*~*~tactically~*~*~ (hiding).
  4754 | D:6      | 4754 ||| Stepping ~*~*~tactically~*~*~ (stealth).
  4829 | D:6      | 4829 ||| INVOKING Fiery Armour.
  4838 | D:6      | 4838 ||| Stepping ~*~*~tactically~*~*~ (outnumbered).
  5047 | D:6      | 5047 ||| DRINKING 2 sedimented grey potions.
  5048 | D:6      | 5048 ||| DRINKING 2 bubbling grey potions.
  5049 | D:6      | 5049 ||| READING 3 scrolls of identify.
  5049 | D:6      | 5049 ||| IDENTIFYING murky sapphire potion
  5050 | D:6      | 5050 ||| READING 2 scrolls of identify.
  5050 | D:6      | 5050 ||| IDENTIFYING clear potion
  5051 | D:6      | 5051 ||| DROPPING potion of flight.
  5052 | D:6      | 5052 ||| DROPPING potion of brilliance.
  5053 | D:6      | 5053 ||| DROPPING potion of magic.
  5224 | D:7      | 5224 ||| Stepping ~*~*~tactically~*~*~ (stealth).
  5347 | D:7      | 5347 ||| INVOKING Fiery Armour.
  5594 | D:7      | 5594 ||| INVOKING Fiery Armour.
  5691 | D:8      | Found a runed translucent gate.
  5692 | D:8      | Found a runed translucent gate.
  5692 | D:8      | Found a runed translucent gate.
  5692 | D:8      | Noticed qw's ghost (novice TrCA)
  5727 | D:8      | Noticed Joseph
  5736 | D:8      | Reached skill level 10 in Shields
  5742 | D:8      | Killed Joseph
  5743 | D:8      | Reached skill level 3 in Fighting
  5888 | D:8      | 5888 ||| Stepping ~*~*~tactically~*~*~ (stealth).
  5891 | D:8      | 5891 ||| Stepping ~*~*~tactically~*~*~ (stealth).
  5894 | D:8      | 5894 ||| Stepping ~*~*~tactically~*~*~ (stealth).
  5895 | D:8      | 5895 ||| Stepping ~*~*~tactically~*~*~ (stealth).
  5897 | D:8      | 5897 ||| INVOKING Fiery Armour.
  5899 | D:8      | 5899 ||| Stepping ~*~*~tactically~*~*~ (outnumbered).
  5900 | D:8      | 5900 ||| Stepping ~*~*~tactically~*~*~ (outnumbered).
  5904 | D:8      | 5904 ||| Stepping ~*~*~tactically~*~*~ (stealth).
  5909 | D:8      | Reached skill level 3 in Throwing
  5911 | D:8      | Reached XP level 10. HP: 87/92 MP: 8/10
  5933 | D:8      | Reached skill level 9 in Unarmed Combat
  5952 | D:8      | Identified the +4 quarterstaff of Afrah {spect, rPois rF-
                  | Will+++ Int-3}
  6257 | D:8      | Noticed Psyche
  6262 | D:8      | Killed Psyche
  6591 | D:8      | 6591 ||| READING 2 scrolls of identify.
  6591 | D:8      | 6591 ||| IDENTIFYING bubbling black potion
  6643 | D:9      | 6643 ||| Stepping ~*~*~tactically~*~*~ (stealth).
  6681 | D:9      | Noticed a two-headed ogre
  6689 | D:9      | Killed a two-headed ogre
  6733 | D:9      | Noticed Gastronok
  6746 | D:9      | Killed Gastronok
  6747 | D:9      | Reached skill level 11 in Shields
  6798 | D:9      | Noticed Maggie
  6799 | D:9      | 6799 ||| DRINKING 2 potions of curing.
  6799 | D:9      | 6799 ||| (to cure confusion)
  6800 | D:9      | 6800 ||| Stepping ~*~*~tactically~*~*~ (hiding).
  6801 | D:9      | 6801 ||| Stepping ~*~*~tactically~*~*~ (hiding).
  6814 | D:9      | Killed Maggie
  6860 | D:9      | 6860 ||| Stepping ~*~*~tactically~*~*~ (stealth).
  6862 | D:9      | 6862 ||| Stepping ~*~*~tactically~*~*~ (stealth).
  6965 | D:9      | 6965 ||| INVOKING Fiery Armour.
  6966 | D:9      | 6966 ||| Stepping ~*~*~tactically~*~*~ (outnumbered).
  7233 | D:9      | 7233 ||| UPGRADING to +2 hat of stealth.
  7238 | D:9      | 7238 ||| UPGRADING to +0 steam dragon scales.
  7248 | D:9      | 7248 ||| UPGRADING to +0 acid dragon scales.
  7258 | D:9      | 7258 ||| DROPPING +0 steam dragon scales.
  7259 | D:9      | 7259 ||| DROPPING +1 robe of positive energy.
  7266 | D:9      | 7266 ||| READING 2 scrolls of identify.
  7266 | D:9      | 7266 ||| IDENTIFYING glowing puce potion
  7267 | D:9      | 7267 ||| DROPPING potion of degeneration.
  7286 | D:10     | Entered Level 10 of the Dungeon
  7294 | D:10     | Noticed a two-headed ogre
  7296 | D:10     | Killed a two-headed ogre
  7297 | D:10     | Reached XP level 11. HP: 98/98 MP: 11/11
  7326 | D:10     | 7326 ||| Stepping ~*~*~tactically~*~*~ (stealth).
  7328 | D:10     | 7328 ||| Stepping ~*~*~tactically~*~*~ (stealth).
  7329 | D:10     | Found an ancient bone altar of Kikubaaqudgha.
  7330 | D:10     | 7330 ||| Stepping ~*~*~tactically~*~*~ (stealth).
  7335 | D:10     | 7335 ||| Stepping ~*~*~tactically~*~*~ (outnumbered).
  7336 | D:10     | 7336 ||| Stepping ~*~*~tactically~*~*~ (outnumbered).
  7337 | D:10     | 7337 ||| INVOKING Fiery Armour.
  7338 | D:10     | 7338 ||| Stepping ~*~*~tactically~*~*~ (outnumbered).
  7340 | D:10     | 7340 ||| Stepping ~*~*~tactically~*~*~ (outnumbered).
  7341 | D:10     | 7341 ||| Stepping ~*~*~tactically~*~*~ (outnumbered).
  7342 | D:10     | 7342 ||| Stepping ~*~*~tactically~*~*~ (outnumbered).
  7343 | D:10     | 7343 ||| Stepping ~*~*~tactically~*~*~ (outnumbered).
  7344 | D:10     | 7344 ||| Stepping ~*~*~tactically~*~*~ (outnumbered).
  7345 | D:10     | 7345 ||| Stepping ~*~*~tactically~*~*~ (outnumbered).
  7346 | D:10     | 7346 ||| Stepping ~*~*~tactically~*~*~ (outnumbered).
  7347 | D:10     | 7347 ||| Stepping ~*~*~tactically~*~*~ (outnumbered).
  7348 | D:10     | 7348 ||| Stepping ~*~*~tactically~*~*~ (outnumbered).
  7349 | D:10     | 7349 ||| Stepping ~*~*~tactically~*~*~ (outnumbered).
  7350 | D:10     | 7350 ||| Stepping ~*~*~tactically~*~*~ (outnumbered).
  7351 | D:10     | 7351 ||| Stepping ~*~*~tactically~*~*~ (outnumbered).
  7352 | D:10     | 7352 ||| Stepping ~*~*~tactically~*~*~ (outnumbered).
  7354 | D:10     | 7354 ||| Stepping ~*~*~tactically~*~*~ (outnumbered).
  7580 | D:10     | Found a blossoming altar of Fedhas.
  7606 | D:10     | Noticed an oklob plant
  7607 | D:10     | 7607 ||| INVOKING Fiery Armour.
  7660 | D:10     | Found a staircase to the Lair.
  7660 | D:10     | Noticed a two-headed ogre
  7661 | D:10     | 7661 ||| PLANNING CONVERSION TO OKAWARU
  7664 | D:10     | Killed a two-headed ogre
  7665 | D:10     | Reached skill level 12 in Shields
  7819 | D:6      | Fell from the grace of Ignis
  7819 | D:6      | Became a worshipper of Warmaster Okawaru
  7820 | D:6      | 7820 ||| PLANNING LAIR
  7969 | Lair:1   | Entered Level 1 of the Lair of Beasts
  7983 | Lair:1   | Identified the +1 leather armour of the Tanner {rCorr Str+3
                  | Stlth+}
  8006 | Lair:1   | 8006 ||| Stepping ~*~*~tactically~*~*~ (outnumbered).
  8007 | Lair:1   | 8007 ||| Stepping ~*~*~tactically~*~*~ (outnumbered).
  8008 | Lair:1   | 8008 ||| Stepping ~*~*~tactically~*~*~ (outnumbered).
  8009 | Lair:1   | 8009 ||| Stepping ~*~*~tactically~*~*~ (outnumbered).
  8010 | Lair:1   | 8010 ||| Stepping ~*~*~tactically~*~*~ (outnumbered).
  8011 | Lair:1   | 8011 ||| Stepping ~*~*~tactically~*~*~ (outnumbered).
  8154 | Lair:1   | HP: 22/100 [fire elemental[the fiery vengeance of Ignis]
                  | (5)]
  8155 | Lair:1   | 8155 ||| READING 3 scrolls of teleportation.
  8156 | Lair:1   | 8156 ||| DRINKING 2 potions of heal wounds.
  8196 | Lair:1   | 8196 ||| Stepping ~*~*~tactically~*~*~ (stealth).
  8234 | Lair:1   | 8234 ||| Stepping ~*~*~tactically~*~*~ (stealth).
  8238 | Lair:1   | 8238 ||| Stepping ~*~*~tactically~*~*~ (stealth).
  8245 | Lair:1   | 8245 ||| Stepping ~*~*~tactically~*~*~ (stealth).
  8249 | Lair:1   | 8249 ||| Stepping ~*~*~tactically~*~*~ (stealth).
  8250 | Lair:1   | 8250 ||| Stepping ~*~*~tactically~*~*~ (stealth).
  8253 | Lair:1   | 8253 ||| Stepping ~*~*~tactically~*~*~ (outnumbered).
  8254 | Lair:1   | 8254 ||| Stepping ~*~*~tactically~*~*~ (outnumbered).
  8255 | Lair:1   | 8255 ||| Stepping ~*~*~tactically~*~*~ (outnumbered).
  8256 | Lair:1   | 8256 ||| Stepping ~*~*~tactically~*~*~ (outnumbered).
  8257 | Lair:1   | 8257 ||| Stepping ~*~*~tactically~*~*~ (outnumbered).
  8258 | Lair:1   | 8258 ||| Stepping ~*~*~tactically~*~*~ (outnumbered).
  8298 | Lair:1   | 8298 ||| Stepping ~*~*~tactically~*~*~ (stealth).
  8299 | Lair:1   | 8299 ||| Stepping ~*~*~tactically~*~*~ (stealth).
  8305 | Lair:1   | Reached * piety under Okawaru
  8308 | Lair:1   | 8308 ||| INVOKING Heroism.
  8309 | Lair:1   | 8309 ||| Stepping ~*~*~tactically~*~*~ (stealth).
  8319 | Lair:1   | 8319 ||| INVOKING Heroism.
  8331 | Lair:1   | Reached skill level 1 in Invocations
  8332 | Lair:1   | 8332 ||| INVOKING Heroism.
  8521 | Lair:1   | 8521 ||| INVOKING Heroism.
  8644 | Lair:1   | 8644 ||| INVOKING Heroism.
  8649 | Lair:1   | 8649 ||| Stepping ~*~*~tactically~*~*~ (outnumbered).
  9090 | Lair:1   | 9090 ||| Stepping ~*~*~tactically~*~*~ (stealth).
  9092 | Lair:1   | 9092 ||| Stepping ~*~*~tactically~*~*~ (stealth).
  9299 | Lair:1   | 9299 ||| Stepping ~*~*~tactically~*~*~ (outnumbered).
  9499 | Lair:1   | 9499 ||| INVOKING Heroism.
  9504 | Lair:1   | HP: 22/100 [fire elemental[the fiery vengeance of Ignis]
                  | (9)]
  9505 | Lair:1   | 9505 ||| READING 3 scrolls of teleportation.
  9506 | Lair:1   | 9506 ||| DRINKING potion of heal wounds.
  9523 | Lair:1   | 9523 ||| Stepping ~*~*~tactically~*~*~ (stealth).
  9525 | Lair:1   | 9525 ||| INVOKING Heroism.
  9685 | Lair:1   | 9685 ||| UPGRADING to amulet of reflection.
  9695 | Lair:1   | 9695 ||| UPGRADING to +4 ring of evasion.
  9696 | Lair:1   | 9696 ||| UPGRADING to ring of see invisible.
  9781 | Lair:2   | You fall into a shaft and drop 1 floor!
  9782 | Lair:3   | 9782 ||| PLANNING GAUNTLET
  9787 | Lair:3   | Reached skill level 3 in Invocations
  9860 | Lair:3   | Noticed Amaemon
  9861 | Lair:3   | 9861 ||| Stepping ~*~*~tactically~*~*~ (hiding).
  9862 | Lair:3   | 9862 ||| Stepping ~*~*~tactically~*~*~ (hiding).
  9864 | Lair:3   | 9864 ||| INVOKING Heroism.
  9876 | Lair:3   | Killed Amaemon
  9876 | Lair:3   | Reached ** piety under Okawaru
  9944 | Lair:3   | 9944 ||| Stepping ~*~*~tactically~*~*~ (outnumbered).
  9945 | Lair:3   | 9945 ||| Stepping ~*~*~tactically~*~*~ (outnumbered).
  9959 | Lair:3   | 9959 ||| INVOKING Heroism.
  9984 | Lair:3   | Reached *** piety under Okawaru
  9988 | Lair:3   | 9988 ||| INVOKING Heroism.
  9991 | Lair:3   | Reached skill level 12 in Unarmed Combat
 10064 | Lair:3   | 10064 ||| INVOKING Heroism.
 10068 | Lair:3   | 10068 ||| Stepping ~*~*~tactically~*~*~ (outnumbered).
 10069 | Lair:3   | 10069 ||| Stepping ~*~*~tactically~*~*~ (outnumbered).
 10076 | Lair:3   | Reached XP level 12. HP: 107/107 MP: 12/14
 10080 | Lair:3   | Received a gift from Okawaru
 10114 | Lair:3   | 10114 ||| INVOKING Heroism.
 10206 | Lair:3   | 10206 ||| RIP GAUNTLET
 10259 | Lair:3   | 10259 ||| PLANNING LAIR
 10262 | Lair:3   | 10262 ||| INVOKING Heroism.
 10270 | Lair:3   | 10270 ||| Stepping ~*~*~tactically~*~*~ (outnumbered).
 10271 | Lair:3   | 10271 ||| Stepping ~*~*~tactically~*~*~ (outnumbered).
 10272 | Lair:3   | 10272 ||| Stepping ~*~*~tactically~*~*~ (outnumbered).
 10273 | Lair:3   | 10273 ||| Stepping ~*~*~tactically~*~*~ (outnumbered).
 10274 | Lair:3   | 10274 ||| Stepping ~*~*~tactically~*~*~ (outnumbered).
 10275 | Lair:3   | 10275 ||| Stepping ~*~*~tactically~*~*~ (outnumbered).
 10277 | Lair:3   | 10277 ||| Stepping ~*~*~tactically~*~*~ (outnumbered).
 10278 | Lair:3   | 10278 ||| Stepping ~*~*~tactically~*~*~ (outnumbered).
 10293 | Lair:3   | Reached skill level 13 in Shields
 10299 | Lair:3   | 10299 ||| READING scroll labelled YKHENWU HAYHU.
 10336 | Lair:2   | 10336 ||| INVOKING Heroism.
 10407 | Lair:2   | 10407 ||| READING scroll of enchant armour.
 10407 | Lair:2   | 10407 ||| ENCHANTING +0 acid dragon scales.
 10440 | Lair:2   | Found a staircase to the Shoals.
 10644 | Lair:2   | 10644 ||| INVOKING Heroism.
 10646 | Lair:2   | 10646 ||| Stepping ~*~*~tactically~*~*~ (outnumbered).
 10647 | Lair:2   | 10647 ||| Stepping ~*~*~tactically~*~*~ (outnumbered).
 10648 | Lair:2   | 10648 ||| Stepping ~*~*~tactically~*~*~ (outnumbered).
 10649 | Lair:2   | 10649 ||| Stepping ~*~*~tactically~*~*~ (outnumbered).
 10650 | Lair:2   | 10650 ||| Stepping ~*~*~tactically~*~*~ (outnumbered).
 10653 | Lair:2   | 10653 ||| Stepping ~*~*~tactically~*~*~ (outnumbered).
 10660 | Lair:2   | 10660 ||| Stepping ~*~*~tactically~*~*~ (outnumbered).
 10661 | Lair:2   | 10661 ||| Stepping ~*~*~tactically~*~*~ (outnumbered).
 10662 | Lair:2   | 10662 ||| Stepping ~*~*~tactically~*~*~ (outnumbered).
 10663 | Lair:2   | 10663 ||| Stepping ~*~*~tactically~*~*~ (outnumbered).
 10664 | Lair:2   | 10664 ||| Stepping ~*~*~tactically~*~*~ (outnumbered).
 10665 | Lair:2   | 10665 ||| Stepping ~*~*~tactically~*~*~ (outnumbered).
 10666 | Lair:2   | 10666 ||| STAIRDANCE
 10668 | Lair:1   | 10668 ||| Stepping ~*~*~tactically~*~*~ (outnumbered).
 10669 | Lair:1   | 10669 ||| Stepping ~*~*~tactically~*~*~ (outnumbered).
 10670 | Lair:1   | 10670 ||| Stepping ~*~*~tactically~*~*~ (outnumbered).
 10671 | Lair:1   | 10671 ||| Stepping ~*~*~tactically~*~*~ (outnumbered).
 10672 | Lair:1   | 10672 ||| Stepping ~*~*~tactically~*~*~ (outnumbered).
 10673 | Lair:1   | 10673 ||| Stepping ~*~*~tactically~*~*~ (outnumbered).
 10674 | Lair:1   | 10674 ||| Stepping ~*~*~tactically~*~*~ (outnumbered).
 10675 | Lair:1   | 10675 ||| Stepping ~*~*~tactically~*~*~ (outnumbered).
 10676 | Lair:1   | 10676 ||| Stepping ~*~*~tactically~*~*~ (outnumbered).
 10677 | Lair:1   | 10677 ||| Stepping ~*~*~tactically~*~*~ (outnumbered).
 10678 | Lair:1   | 10678 ||| Stepping ~*~*~tactically~*~*~ (outnumbered).
 10693 | Lair:1   | 10693 ||| UPGRADING to ring of poison resistance.
 10754 | Lair:2   | Reached **** piety under Okawaru
 10928 | Lair:2   | You fall into a shaft and drop 2 floors!
 10929 | Lair:4   | 10929 ||| INVOKING Heroism.
 10933 | Lair:4   | 10933 ||| Stepping ~*~*~tactically~*~*~ (outnumbered).
 10934 | Lair:4   | 10934 ||| Stepping ~*~*~tactically~*~*~ (outnumbered).
 10935 | Lair:4   | 10935 ||| Stepping ~*~*~tactically~*~*~ (outnumbered).
 10937 | Lair:4   | 10937 ||| Stepping ~*~*~tactically~*~*~ (outnumbered).
 10940 | Lair:4   | 10940 ||| Stepping ~*~*~tactically~*~*~ (outnumbered).
 10941 | Lair:4   | 10941 ||| Stepping ~*~*~tactically~*~*~ (outnumbered).
 10944 | Lair:4   | 10944 ||| Stepping ~*~*~tactically~*~*~ (outnumbered).
 10945 | Lair:4   | 10945 ||| Stepping ~*~*~tactically~*~*~ (outnumbered).
 10946 | Lair:4   | 10946 ||| Stepping ~*~*~tactically~*~*~ (outnumbered).
 10950 | Lair:4   | You fall into a shaft and drop 1 floor!
 10950 | Lair:5   | Entered Level 5 of the Lair of Beasts
 10951 | Lair:5   | 10951 ||| INVOKING Heroism.
 10955 | Lair:5   | 10955 ||| Stepping ~*~*~tactically~*~*~ (outnumbered).
 10957 | Lair:5   | 10957 ||| Stepping ~*~*~tactically~*~*~ (outnumbered).
 10958 | Lair:5   | 10958 ||| Stepping ~*~*~tactically~*~*~ (outnumbered).
 10961 | Lair:5   | 10961 ||| Stepping ~*~*~tactically~*~*~ (outnumbered).
 10976 | Lair:5   | 10976 ||| Stepping ~*~*~tactically~*~*~ (outnumbered).
 10977 | Lair:5   | 10977 ||| Stepping ~*~*~tactically~*~*~ (outnumbered).
 10978 | Lair:5   | 10978 ||| Stepping ~*~*~tactically~*~*~ (outnumbered).
 10979 | Lair:5   | 10979 ||| Stepping ~*~*~tactically~*~*~ (outnumbered).
 10980 | Lair:5   | 10980 ||| Stepping ~*~*~tactically~*~*~ (outnumbered).
 11027 | Lair:5   | 11027 ||| READING 5 scrolls of identify.
 11027 | Lair:5   | 11027 ||| IDENTIFYING green potion
 11028 | Lair:5   | 11028 ||| DROPPING potion of ambrosia.
 11080 | Lair:4   | 11080 ||| INVOKING Heroism.
 11107 | Lair:4   | Noticed an eight-headed hydra
 11122 | Lair:4   | 11122 ||| INVOKING Heroism.
 11123 | Lair:4   | HP: 22/111 [nine-headed hydra (12)]
 11124 | Lair:4   | 11124 ||| READING 3 scrolls of teleportation.
 11124 | Lair:4   | HP: 10/111 [nine-headed hydra (9)]
 11124 | Lair:4   | Slain by a nine-headed hydra

Levels and vault maps discovered:
D:1:      elethiomel_arrival_shortcut, layout_basic,
          hellmonk_ecumenical_altar_zigzags
D:2:      layout_rooms, basic_altar, serial_shops, nicolae_shop_hallway_plus,
          nicolae_shop_bloodbath_and_beyond, shop, nicolae_shop_crystal,
          uniq_natasha
D:3:      layout_basic, uniq_sigmund
D:4:      layout_loops_ring, nzn_overflow_gifts_of_might_and_magic,
          chequers_serial_rivers_large_a, st_stairs_11, nicolae_wormholes
D:5:      layout_loops_corners, beargit_hepliaklqana_dungeon_heroes,
          minmay_temple_entry_arrows, serial_undead, serial_undead_a,
          serial_undead_b, serial_undead_c, serial_undead_d, minivault_5,
          serial_bayou_pond_c, uniq_crazy_yiuf_cottage, uniq_pikel
D:6:      layout_basic, mainiacjoe_overflow_two_lobes
D:7:      layout_basic
D:8:      layout_cave_pods, gammafunk_ghost_split, uniq_psyche, uniq_joseph
D:9:      layout_basic, uniq_gastronok, uniq_maggie
D:10:     layout_basic, tgw_kikubaaqudgha, mainiacjoe_overflow_surrounded_room,
          tgw_fedhas, lair_entry_dummy
Lair:1:   layout_layer_cave
Lair:2:   layout_concentric_octagons, minmay_shoals_entry_hut
Lair:3:   layout_hall_layers, hellmonk_spider_entry_life_and_decay,
          gauntlet_entry_generic, uniq_nessos, uniq_amaemon
Lair:4:   layout_hall_layers, slime_entry_1, roderic_carrion_pond,
          lemuel_fruit_tree, uniq_sonja
Lair:5:   cheibrodos_lair_end_hotspot, layout_regular_city, serial_bayou_lake_a

Skill      XL: |  1  2  3  4  5  6  7  8  9 10 11 12 |
---------------+-------------------------------------+-----
Unarmed Combat | 4 5 6 8 10 12 | 12.8
Throwing       | 1 2 3 |  3.3
Shields        | 3 4 7 9 10 11 12 13 | 13.0
Dodging        | 1 |  1.1
Fighting       | 3 4 5 |  5.0
Armour         | 2 |  2.0
Invocations    | 4 5 |  5.3
Spellcasting   | |  1.0
Fire Magic     | |  2.1

Action                   |  1- 3 |  4- 6 |  7- 9 | 10-12 || total
-------------------------+-------+-------+-------+-------++-------
Melee: Unarmed           |    61 |    88 |   232 |   484 ||   865
Throw: Large rock        |       |    20 |    44 |    25 ||    89
       Boomerang         |       |       |       |    10 ||    10
Invok: Fiery Armour      |     2 |     2 |     7 |     3 ||    14
       Heroism           |       |       |       |    19 ||    19
  Use: Scroll            |     6 |     4 |    12 |     8 ||    30
       Potion            |       |       |     6 |     3 ||     9
 Stab: Sleeping          |       |       |       |     1 ||     1
Armor: Robe              |    26 |    36 |    76 |    15 ||   153
       Acid dragon scale |       |       |       |   196 ||   196
Dodge: Dodged            |    27 |    22 |    49 |   131 ||   229
Block: Tower shield      |       |    30 |   188 |   472 ||   690

Table legend:
 A = Non-vault XP
 B = Vault XP
 C = Vault XP percentage of total XP
 D = Non-vault monster count
 E = Vault monster count
 F = Vault count percentage of total count
                 A         B        C        D         E       F
            +---------+---------+-------+---------+---------+-------
      Total |   24452 |    5809 |  19.2 |     218 |      28 |  11.4
            +---------+---------+-------+---------+---------+-------
        D:1 |      31 |       0 |   0.0 |      19 |       0 |   0.0
        D:2 |     139 |      37 |  21.0 |      19 |       1 |   5.0
        D:3 |     191 |     318 |  62.5 |      21 |       2 |   8.7
        D:4 |     132 |     234 |  63.9 |       9 |       8 |  47.1
        D:5 |     239 |    1154 |  82.8 |      10 |       8 |  44.4
        D:6 |    1316 |       0 |   0.0 |      21 |       0 |   0.0
        D:7 |     689 |      10 |   1.4 |      13 |       2 |  13.3
        D:8 |    1542 |     787 |  33.8 |       9 |       2 |  18.2
        D:9 |    1870 |    1837 |  49.6 |      14 |       2 |  12.5
       D:10 |    2649 |       0 |   0.0 |      17 |       0 |   0.0
     Lair:1 |    5430 |       0 |   0.0 |      25 |       0 |   0.0
     Lair:2 |    2646 |     247 |   8.5 |      12 |       1 |   7.7
     Lair:3 |    4595 |    1185 |  20.5 |      20 |       2 |   9.1
     Lair:4 |     903 |       0 |   0.0 |       4 |       0 |   0.0
     Lair:5 |    2080 |       0 |   0.0 |       5 |       0 |   0.0
            +---------+---------+-------+---------+---------+-------
